 Dungeon Crawl Stone Soup version 0.23.0-42-geed6394 (webtiles) character file.

Game seed: 0

132 Lanoc the Charmwright (level 5, 0/26 HPs)
             Began as a Vine Stalker Skald on Feb 28, 2019.
             Slain by a howler monkey (4 damage)
             ... on level 3 of the Dungeon.
             The game lasted 00:06:48 (2181 turns).

Lanoc the Charmwright (Vine Stalker Skald)          Turns: 2181, Time: 00:06:48

Health: 0/26       AC:  3    Str: 14    XL:     5   Next: 15%
Magic:  0/9        EV: 12    Int: 13    God:
Gold:   60         SH:  0    Dex: 14    Spells: 3/9 levels left

rFire    . . .     SeeInvis .   a - +0 falchion
rCold    . . .     Gourm    .   (no shield)
rNeg     . . .     Faith    .   b - +0 leather armour
rPois    .         Spirit   +   (no helmet)
rElec    .         Reflect  .   (no cloak)
rCorr    .         Harm     .   (no gloves)
MR       .....                  (no boots)
Stlth    +.........             c - amulet of magic regeneration
HPRegen  0.48/turn              (no ring)
MPRegen  0.36/turn              (no ring)

@: infused
A: fangs 2, regeneration 1, magic shield, antimagic bite, no potion heal 3, rot
immunity
a: no special abilities


You were on level 3 of the Dungeon.
You were not hungry.

You visited 1 branch of the dungeon, and saw 3 of its levels.

You collected 60 gold pieces.

Inventory:

Hand Weapons
 a - a +0 falchion (weapon)
Armour
 b - a +0 leather armour (worn)
Jewellery
 c - an amulet of magic regeneration (around neck)
 n - an uncursed ring of see invisible {unknown}
Scrolls
 h - 2 scrolls of enchant weapon {unknown}
 i - 5 scrolls of enchant armour {unknown}
 j - 2 scrolls of noise {unknown}
 k - 2 scrolls of remove curse {unknown}
 l - 2 scrolls of identify {unknown}
 m - a scroll of amnesia {unknown}
 p - a scroll of random uselessness {unknown}
 q - a scroll of teleportation {unknown}
Potions
 e - 2 potions of ambrosia {unknown}
 f - a potion of flight {unknown}
 g - a potion of heal wounds {unknown}
Comestibles
 d - 5 rations
 o - 4 chunks of flesh


   Skills:
 + Level 2.2 Fighting
 * Level 2.8 Long Blades
 + Level 1.3 Armour
 + Level 2.1 Dodging
 + Level 2.6 Spellcasting
 * Level 3.9 Charms


You had 3 spell levels left.
You knew the following spells:

 Your Spells              Type           Power        Failure   Level  Hunger
a - Infusion              Chrm           ##..         6%          1    #......
b - Song of Slaying       Chrm           ##......     9%          2    ###....
c - Regeneration          Chrm/Necr      #.........   36%         3    ###....

Your spell library contained the following spells:

 Spells                   Type           Power        Failure   Level  Hunger
 Shroud of Golubria       Chrm/Tloc      #.........   21%         2    ###....
 Spectral Weapon          Hex/Chrm       #.......     36%         3    ###....


Dungeon Overview and Level Annotations

Branches:
Dungeon (3/15)

Altars:


Innate Abilities, Weirdness & Mutations

You have extremely sharp teeth.
Your natural rate of healing is unusually fast.
When hurt, damage is shared between your health and your magic reserves.
Your bite disrupts and absorbs the magic of your enemies.
Potions cannot restore your health.
You are immune to rotting.


Message History

The howler monkey is heavily wounded.
The howler monkey hits you. The orc priest barely misses you.
You riposte.
You hit the orc priest.
The orc priest is moderately wounded.
The howler monkey hits you.
You hit the orc priest. Your bite misses the orc priest.
The orc priest is severely wounded.
Your skin stops crawling.
The howler monkey hits you.
The orc priest invokes the aid of Beogh against you.
Pain shoots through your body!
You hit the orc priest!
You kill the orc priest!
You have reached level 5!
The howler monkey hits you!
* * * LOW HITPOINT WARNING * * *
You barely miss the howler monkey. Your bite misses the howler monkey.
The howler monkey is heavily wounded.
The howler monkey hits you.
You die...

#. ... #.##.#
#.##.# #.##.#
#.##.# #.##.##
#.#...#######
######...........#
#....)@)..##.###.#
#.###h###.###.##.#
#.# #..##.##o#
#.####.##.##.#
##.###.#.###.#
##.##..## #.#
##...## #o# ###.#
#[# #.# #.#


You could see a howler monkey.

Vanquished Creatures
  An orc priest (D:3)
  3 adders (D:2)
  An ooze (D:1)
  2 worms (D:2)
  A dart slug (D:2)
  A leopard gecko (D:2)
  4 orcs
  3 ball pythons (D:1)
  6 bats
  3 giant cockroaches
  4 goblins
  9 hobgoblins
  3 quokkas
  6 frilled lizards
  4 kobolds
  8 rats
59 creatures vanquished.

Notes
Turn   | Place    | Note
-------+----------+-------------------------------------------
     0 | D:1      | Lanoc the Vine Stalker Skald began the quest for the Orb.
     0 | D:1      | Reached XP level 1. HP: 11/11 MP: 4/4
    80 | D:1      | Reached XP level 2. HP: 4/15 MP: 6/6
   405 | D:1      | Reached skill level 1 in Armour
   449 | D:1      | Learned a level 2 spell: Song of Slaying
   507 | D:1      | Reached XP level 3. HP: 7/18 MP: 4/7
  1225 | D:2      | Learned a level 3 spell: Regeneration
  1433 | D:2      | Gained mutation: Your natural rate of healing is unusually
                  | fast. [Vine Stalker growth]
  1433 | D:2      | Reached XP level 4. HP: 4/23 MP: 1/8
  2180 | D:3      | Reached XP level 5. HP: 9/26 MP: 2/9
  2181 | D:3      | Slain by a howler monkey

Skill      XL: |  1  2  3 |
---------------+----------+-----
Long Blades    | 2 |  2.8
Armour         | 1 |  1.3
Fighting       | 2 |  2.2
Dodging        | 2 |  2.1
Spellcasting   | |  2.6
Charms         | |  3.9

Action                   |  1- 3 |  4- 6 || total
-------------------------+-------+-------++-------
Melee: Falchion          |   106 |    61 ||   167
       Bite              |    12 |    17 ||    29
 Cast: Infusion          |     9 |     6 ||    15
       Regeneration      |       |     3 ||     3
 Stab: Sleeping          |       |     1 ||     1
  Eat: Chunk             |     2 |     3 ||     5
Armor: Leather armour    |    33 |    13 ||    46
Dodge: Dodged            |    67 |    35 ||   102
       Rpst.: Falchion   |    19 |    12 ||    31
